 Dungeon Crawl Stone Soup version 0.27-a0-1188-g73eefd5def (webtiles) character file.

Game seed: 4673188229760731706

152 chippings the Stinger (level 5, -6/36 HPs)
             Began as a Demonspawn Venom Mage on May 20, 2021.
             Was an Initiate of Vehumet.
             Mangled by a gnoll
             ... wielding a +0 flail
              (10 damage)
             ... on level 3 of the Dungeon.
             The game lasted 00:10:33 (5090 turns).

chippings the Stinger (Demonspawn Venom Mage)       Turns: 5090, Time: 00:10:34

Health: -6/36      AC:  2    Str:  9    XL:     5   Next: 11%
Magic:  0/9        EV: 19    Int: 16    God:    Vehumet [......]
Gold:   66         SH:  0    Dex: 19    Spells: 1/9 levels left

rFire    + . .     SeeInvis .   (weapon currently unavailable)
rCold    x . .     Faith    .   (shield currently unavailable)
rNeg     . . .     Spirit   +   (armour currently unavailable)
rPois    x         Reflect  .   (helmet currently unavailable)
rElec    .         Harm     .   (cloak currently unavailable)
rCorr    .         Rampage  .   (gloves currently unavailable)
Will     .....                  (boots currently unavailable)
Stlth    ++........             (no amulet)
HPRegen  0.12/turn              m - ring of wizardry
MPRegen  0.22/turn              k - ring of fire

@: spider-form (expiring)
A: venomous fangs, tiny, (icy blue scales 1), magic shield, magic regeneration
a: End Transformation, Renounce Religion


You were on level 3 of the Dungeon.
You worshipped Vehumet.
Vehumet was noncommittal.
You were a venomous arachnid creature.
You visited 2 branches of the dungeon, and saw 5 of its levels.

You collected 66 gold pieces.

Inventory:

Missiles
 e - 6 boomerangs
 i - a throwing net
Armour
 a - a +0 robe (melded)
 b - a +0 leather armour
 h - a +2 pair of gloves (melded)
 j - a +3 scale mail of poison resistance
Jewellery
 k - a ring of fire (right front leg)
 m - a ring of wizardry (left front leg)
Wands
 l - a wand of mindburst (15)
Scrolls
 c - 2 scrolls of identify
 d - a scroll of amnesia
 f - a scroll of enchant armour
Potions
 g - a potion of attraction
 n - 2 potions of lignification


   Skills:
 + Level 0.8 Fighting
 - Level 1.7 Dodging
 - Level 1.7 Stealth
 + Level 0.9 Unarmed Combat
 + Level 2.9 Spellcasting
 + Level 2.1 Transmutations
 + Level 0.0 Fire Magic
 + Level 1.4 Air Magic
 + Level 3.8 Poison Magic


You had one spell level left.
You knew the following spells:

 Your Spells              Type           Power      Damage    Failure   Level
a - Ignite Poison         Fire/Tmut/Pois 13%        N/A       21%         3
b - Poisonous Vapours     Pois/Air       20%        N/A       10%         2
c - Spider Form           Tmut/Pois      6%         N/A       14%         3

Your spell library contained the following spells:

 Spells                   Type           Power      Damage    Failure   Level
 Sting                    Tmut/Pois      48%        1d5       6%          1
 Beastly Appendage        Tmut           18%        N/A       9%          1
 Freeze                   Ice            8%         1d3       16%         1
 Wereblood                Tmut           9%         N/A       12%         2
 Mephitic Cloud           Conj/Pois/Air  8%         N/A       21%         3
 Olgreb's Toxic Radiance  Pois           14%        N/A       28%         4
 Frozen Ramparts          Ice            4%         1d2       38%         3
 Ozocubu's Armour         Ice            2%         N/A       38%         3
 Ice Form                 Ice/Tmut       5%         N/A       58%         4
 Hailstorm                Conj/Ice       2%         3d3       71%         4
 Hydra Form               Tmut           4%         N/A       77%         5
 Metabolic Englaciation   Hex/Ice        1%         N/A       95%         5


Dungeon Overview and Level Annotations

Branches:
Dungeon (4/15)             Temple (1/1) D:4

Altars:
Cheibriados
Fedhas
Makhleb
Qazlal
Trog
Uskayaw
Vehumet
The Shining One
Lugonu


Innate Abilities, Weirdness & Mutations

You are a venomous arachnid creature.
You have poisonous fangs.
You are tiny and dextrous.
Your spellcasting is less reliable in this form.
Your armour is entirely melded.
You are incapable of wielding weapons or throwing items.
((You are partially covered in icy blue scales. (AC +2)))
When hurt, damage is shared between your health and your magic reserves.
You regenerate magic rapidly.


Message History

The gnoll is moderately wounded.
You hit the gnoll but do no damage.
The gnoll is moderately wounded.
The gnoll closely misses you.
You hit the gnoll.
The gnoll is heavily wounded.
Your transformation is almost over.
The gnoll hits you with a +0 whip. The gnoll misses you.
You hit the gnoll.
The gnoll is poisoned.
The gnoll is moderately wounded.
The gnoll closely misses you.
You hit the gnoll but do no damage.
The gnoll is poisoned.
The gnoll is heavily wounded.
The gnoll misses you. The gnoll closely misses you. The gnoll misses you.
You barely miss the gnoll shaman.
The gnoll shaman hits you with a +0 club!
The gnoll completely misses you. The gnoll closely misses you.
The gnoll hits you with a +0 flail.
You hit the gnoll shaman.
The gnoll shaman is poisoned.
The gnoll shaman is lightly wounded.
The gnoll shaman hits you with a +0 club!
The gnoll hits you from afar with a +3 spear.
* * * LOW HITPOINT WARNING * * *
The gnoll barely misses you.
The gnoll shaman hits you with a +0 club!
* * * LOW HITPOINT WARNING * * *
The gnoll completely misses you. x2; The gnoll misses you.
You climb upwards.
There is a stone staircase leading down here.
You hit the gnoll but do no damage.
The gnoll is severely wounded.
The gnoll shaman calls upon its god to speed up the gnoll.
The gnoll seems to speed up.
The gnoll completely misses you.
Unknown command.
You hit the gnoll but do no damage.
The gnoll looks even sicker.
The gnoll is severely wounded.
You kill the gnoll!
Vehumet accepts your kill. The gnoll hits you with a +0 flail!
You die...

##...........#.#.#.###.#.#
#....#######.#.#.....#.#.####
###### #####.###.#.#.#.#.....
#.........#.#...######
#.........#.#####
#.........#.# #.........#.#
#######
#######g###.#.####......
#.....gs# #.#...........
#.####### #.######......
#.#########.# #######
#.#.........# ###.#.#########
#...#.# #.###.# #.# #.#
#.###.#


You could see a gnoll shaman (very poisoned) and a gnoll (very poisoned).

Vanquished Creatures
  Terence (D:2)
  5 gnolls
  3 adders
  2 worms (D:2)
  An orc (D:3)
  5 endoplasms
  2 goblins (D:2)
  9 hobgoblins
  6 jackals
  3 quokkas
  7 ball pythons
  4 bats
  3 frilled lizards (D:1)
  3 kobolds
54 creatures vanquished.

Notes
Turn   | Place    | Note
-------+----------+-------------------------------------------
     0 | D:1      | chippings the Demonspawn Venom Mage began the quest for the
                  | Orb.
     0 | D:1      | Reached XP level 1. HP: 13/13 MP: 3/3
    43 | D:1      | Reached skill level 1 in Transmutations
   773 | D:1      | Gained mutation: You regenerate magic rapidly. [demonic
                  | ancestry]
   773 | D:1      | Reached XP level 2. HP: 14/19 MP: 1/5
  1004 | D:1      | Learned a level 2 spell: Poisonous Vapours
  2255 | D:2      | Gained mutation: You are partially covered in icy blue
                  | scales. (AC +2) [demonic ancestry]
  2255 | D:2      | Reached XP level 3. HP: 13/24 MP: 1/6
  2277 | D:2      | Learned a level 3 spell: Spider Form
  2404 | D:2      | Found a faded altar of an unknown god.
  2717 | D:2      | Reached skill level 1 in Air Magic
  2733 | D:2      | Gained mutation: When hurt, damage is shared between your
                  | health and your magic reserves. [demonic ancestry]
  2733 | D:2      | Reached XP level 4. HP: 24/30 MP: 8/8
  2931 | D:2      | Noticed Terence
  3038 | D:2      | Killed Terence
  4298 | D:3      | Learned a level 3 spell: Ignite Poison
  4759 | D:4      | Found a staircase to the Ecumenical Temple.
  4768 | Temple   | Entered the Ecumenical Temple
  4847 | Temple   | Became a worshipper of Vehumet
  4922 | D:4      | Reached XP level 5. HP: 36/36 MP: 7/9
  4995 | D:4      | Found a snail-covered altar of Cheibriados.
  5090 | D:3      | Mangled by a gnoll

Illustrated notes

Levels and vault maps discovered:
D:1:      amcnicky_arrival_feature_with_door, layout_loops_corners, hex_medium
D:2:      layout_rooms, ebering_ecumenical_altar_petrified, uniq_terence
D:3:      layout_basic
D:4:      layout_gridville, old_standard_altar, minmay_temple_entry_sparse_star,
          uniq_duvessa, uniq_blork_the_orc
Temple:   corrupted_temple

Skill      XL: |  1  2  3  4 |
---------------+-------------+-----
Transmutations | 1 2 |  2.1
Air Magic      | 1 |  1.4
Fighting       | |  0.8
Dodging        | |  1.7
Stealth        | |  1.7
Unarmed Combat | |  0.9
Spellcasting   | |  2.9
Poison Magic   | |  3.8

Action                   |  1- 3 |  4- 6 || total
-------------------------+-------+-------++-------
Melee: Unarmed           |    63 |   136 ||   199
 Cast: Sting             |    20 |     2 ||    22
       Poisonous Vapours |    16 |     8 ||    24
       Spider Form       |     2 |     6 ||     8
  Use: Potion            |     1 |       ||     1
       Scroll            |       |     8 ||     8
Armor: Robe              |    17 |    25 ||    42
       Skin              |     1 |       ||     1
Dodge: Dodged            |    75 |    89 ||   164

Table legend: (Time is in decaauts)
 A = Elapsed time spent in this place.
 B = Non-inter-level travel time spent in this place.
 C = Inter-level travel time spent in this place.
 D = Time resting spent in this place.
 E = Time spent auto-exploring this place.
 F = Levels seen in this place.
 G = Mean time per level.
                   A        B        C        D        E       F      G
               +--------+--------+--------+--------+--------+-----+--------+
         Total |   5092 |   5032 |     60 |    316 |   3605 |   5 | 1018.4 |
       Dungeon |   4998 |   4951 |     47 |    316 |   3605 |   4 | 1249.5 |
        Temple |     93 |     80 |     13 |      0 |      0 |   1 |   93.0 |
               +--------+--------+--------+--------+--------+-----+--------+

Top non-repeatable levels by time:
     D:1: 2498 daAuts
     D:3: 1205 daAuts
     D:2: 1085 daAuts
     D:4: 209 daAuts
  Temple: 93 daAuts
